 Dungeon Crawl Stone Soup version 0.14-a0-2001-g390038d (webtiles) character file.

234 Nicoed the Magician (level 4, -2/30 HPs)
             Began as a Human Wizard on Jan 18, 2014.
             Killed by divine providence
             ... invoked by an orc priest
              (8 damage)
             ... on Level 3 of the Dungeon.
             The game lasted 00:13:17 (2692 turns).

Nicoed the Magician (Human Wizard)                  Turns: 2692, Time: 00:13:17

HP  -2/30        AC  2     Str  8      XL: 4   Next: 64%
MP   0/9         EV 12     Int 19      God:
Gold 155         SH  0     Dex 11      Spells:  4 memorised,  1 level left

rFire  . . .     SeeInvis .     v - +3,+2 dwarf short sword
rCold  . . .     Clarity  .     a - +0 robe
rNeg   . . .     Conserve .     (no shield)
rPois  .         rCorr    .     b - +0 hat
rElec  .         rRot     .     (no cloak)
SustAb . .       Spirit   .     (no gloves)
rMut   .         Warding  .     (no boots)
Saprov . . .     Stasis   .     (no amulet)
MR     .....                    (no ring)
                                (no ring)

@: very slightly contaminated, not resistant to hostile enchantments, fairly
stealthy
A: no striking features
a: no special abilities


You were on level 3 of the Dungeon.
You were not hungry.

You visited 1 branch of the dungeon, and saw 3 of its levels.

You collected 155 gold pieces.

Inventory:

Hand weapons
 v - a +3,+2 dwarven short sword (weapon)
Armour
 a - a +0 robe (worn)
 b - a +0 hat (worn)
Comestibles
 t - a meat ration
Scrolls
 d - a scroll of identify {unknown}
 e - a scroll of curse armour {unknown}
 g - a scroll of fear {unknown}
 h - 2 scrolls of remove curse {unknown}
 i - 3 scrolls of random uselessness {unknown}
 j - 3 scrolls of immolation {unknown}
 k - 2 scrolls of fog {unknown}
 m - 2 scrolls of teleportation {unknown}
 o - a scroll of noise {unknown}
 p - a scroll of amnesia {unknown}
Potions
 f - 3 potions of curing
 l - 2 potions of heal wounds
 n - a potion of agility {unknown}
 r - 2 potions of poison {unknown}
 u - a potion of restore abilities {unknown}
Books
 c - a book of Minor Magic

   Spells                             Type                      Level
   *Magic Dart                        Conjuration                  1
   *Blink                             Translocation                2
   Call Imp                           Summoning                    2
   Repel Missiles                     Charms/Air                   2
   *Slow                              Hexes                        2
   Conjure Flame                      Conjuration/Fire             3
   *Mephitic Cloud                    Conjuration/Poison/Air       3
 q - a book of Dreams

   Spells                             Type                      Level
   Ensorcelled Hibernation            Hexes/Ice                    2
   Flight                             Charms/Air                   3
   Phase Shift                        Translocation                5
   Shadow Creatures                   Summoning                    5
   Mass Confusion                     Hexes                        6
   Darkness                           Hexes                        7


   Skills:
 + Level 1.3 Armour
 + Level 2.9 Dodging
 - Level 2.0 Stealth
 * Level 3.4 Spellcasting
 + Level 1.7 Conjurations
   Level 1.0 Summonings
 - Level 1.0 Translocations
 + Level 1.0 Air Magic
 + Level 0.4 Poison Magic


You had one spell level left.
You knew the following spells:

 Your Spells              Type           Power        Failure   Level  Hunger
a - Magic Dart            Conj           #...         10%         1    None
b - Blink                 Tloc           N/A          17%         2    ##.....
c - Slow                  Hex            #.......     24%         2    ##.....
d - Mephitic Cloud        Conj/Pois/Air  #.......     34%         3    ###....


Dungeon Overview and Level Annotations

Branches:
Dungeon (3/16)

Altars:
Elyvilon


Message History

The worker ant zombie bites you.
An orc priest comes into view. It is wielding an orcish flail.
The worker ant zombie closely misses you.
Casting: Slow
Confirm with . or Enter, or press ? or * to list all spells.
You blink.
The worker ant zombie bites you.
* * * LOW HITPOINT WARNING * * *
There is a stone staircase leading up here.
The worker ant zombie barely misses you.
The worker ant zombie bites you.
* * * LOW HITPOINT WARNING * * *
Casting: Blink
Confirm with . or Enter, or press ? or * to list all spells.
You miscast Blink.
You feel uncomfortable. The worker ant zombie bites you.
* * * LOW HITPOINT WARNING * * *
Unknown command.
The orc priest invokes the aid of Beogh against you.
Something smites you!
You die...

#...........#
#....######.# #....# #.#
#<...# #.# #....# #.# #
#....# ###.# # #)...#
#...#
#########....####z..#
................@...#
.(......)o..>.###...#
############(.###...#####
..........##..##........#
..........##..##..%.....#
..........##..##........#
.......[..##o.##...)....#
..........##..##........#
..........##..##........#


You could see an orc priest and a worker ant zombie.

Vanquished Creatures
  An adder (D:2)
  A giant gecko (D:1)
  5 orcs (D:3)
  8 bats
  6 hobgoblins
  6 jackals
  An ooze (D:1)
  A giant cockroach (D:1)
  3 giant newts
  7 goblins
  14 kobolds
  9 rats
62 creatures vanquished.

Notes
Turn   | Place    | Note
--------------------------------------------------------------
     0 | D:1      | Nicoed, the Human Wizard, began the quest for the Orb.
     0 | D:1      | Reached XP level 1. HP: 13/13 MP: 4/4
   202 | D:1      | Reached skill level 1 in Armour
   202 | D:1      | Reached XP level 2. HP: 7/19 MP: 1/6
   673 | D:1      | Learned a level 2 spell: Blink
   676 | D:1      | Learned a level 2 spell: Slow
   732 | D:2      | Reached XP level 3. HP: 22/24 MP: 1/8
   922 | D:2      | Learned a level 3 spell: Mephitic Cloud
  1151 | D:2      | Found a white marble altar of Elyvilon.
  1452 | D:2      | Reached XP level 4. HP: 27/30 MP: 7/9
  1812 | D:2      | Reached skill level 1 in Air Magic
  1891 | D:2      | HP: 1/30 [jackal (1)]
  2692 | D:3      | Killed from afar by an orc priest

Action                   |  1- 3 |  4- 6 || total
-------------------------+-------+-------++-------
Melee: Unarmed           |    84 |       ||    84
       Dagger            |       |    37 ||    37
       Short sword       |       |    16 ||    16
 Cast: Magic Dart        |    86 |    62 ||   148
       Blink             |       |     7 ||     7
       Mephitic Cloud    |       |     5 ||     5
       Slow              |       |     1 ||     1
  Use: Potion            |     3 |       ||     3
